 Dungeon Crawl Stone Soup version 0.22-a0-162-g33bf1272b0 (webtiles) character file.

21275 MrRokkomies the Spear-Bearer (level 12, -1/92 HPs)
             Began as a Barachi Gladiator on Feb 12, 2018.
             Was the Champion of Cheibriados.
             Slain by a six-headed hydra (5 damage)
             ... on level 4 of the Lair of Beasts.
             The game lasted 00:41:48 (12306 turns).

MrRokkomies the Spear-Bearer (Barachi Gladiator)   Turns: 12306, Time: 00:41:48

Health: -1/92      AC: 18    Str: 36    XL:     12   Next: 88%
Magic:  19/19      EV: 14    Int: 30    God:    Cheibriados [******]
Gold:   762        SH:  0    Dex: 37    Spells: 11/11 levels left

rFire    + . .     SeeInvis .   C - +3 spear (pierce)
rCold    + . .     Gourm    +   (no shield)
rNeg     . . .     Faith    .   G - +6 scale mail of Kathoss {Regen+ Dex+6}
rPois    .         Spirit   .   c - +0 helmet
rElec    .         Reflect  .   s - +1 cloak
rCorr    .         Harm     .   o - +1 pair of gloves
MR       +....                  (no boots)
Stlth    ..........             y - amulet of the gourmand
HPRegen  0.65/turn              D - ring "Woleafeq" {MR+ Str+4 Stlth-}
MPRegen  0.16/turn              B - ring of Ofoabrue {*Contam rF+ Int+4 Dex+3}

@: very slow
A: +LOS, swims, cold resistance 1, shaggy fur 1, slowness 1, weak 1, strong legs
1
a: Hop, Bend Time, Temporal Distortion, Slouch, Step From Time, Renounce
Religion


You were on level 4 of the Lair of Beasts.
You worshipped Cheibriados.
Cheibriados was exalted by your worship.
You were full.

You visited 2 branches of the dungeon, and saw 13 of its levels.
You also visited: Labyrinth and Sewer.

You collected 762 gold pieces.

Inventory:

Hand Weapons
 a - a +6 glaive of venom
 b - a +0 fustibalus
 t - a +0 blowgun
 C - a +3 spear of piercing (weapon)
Missiles
 d - 3 throwing nets
 k - 40 sling bullets
 r - 4 javelins (quivered)
 u - 35 poisoned needles
 w - 139 stones
Armour
 c - a +0 helmet (worn)
 o - a +1 pair of gloves (worn)
 s - a +1 cloak (worn)
 x - a +0 chain mail of magic resistance
 G - the +6 scale mail of Kathoss (worn) {Regen+ Dex+6}
   (You found it on level 2 of the Lair of Beasts)

   It affects your dexterity (+6).
   It increases your rate of regeneration.
Magical Staves
 J - an uncursed staff of wizardry
Jewellery
 q - a +3 ring of dexterity
 y - an amulet of the gourmand (around neck)
 A - an uncursed ring of see invisible
 B - the ring of Ofoabrue (right hand) {*Contam rF+ Int+4 Dex+3}
   (You found it on level 1 of the Lair of Beasts)

   [ring of protection from fire]

   It affects your intelligence (+4).
   It affects your dexterity (+3).
   It protects you from fire.
   It causes magical contamination when unequipped.
 D - the ring "Woleafeq" (left hand) {MR+ Str+4 Stlth-}
   (You found it on level 3 of the Lair of Beasts)

   [ring of protection from magic]

   It affects your strength (+4).
   It affects your resistance to hostile enchantments.
   It makes you less stealthy.
Wands
 m - a wand of iceblast (21)
 z - a wand of digging (19)
 F - a wand of flame (36)
Scrolls
 e - a scroll of remove curse
 h - a scroll of immolation
 i - 3 scrolls of magic mapping
 v - 3 scrolls of amnesia
 H - a scroll of teleportation
 O - a scroll of fear
Potions
 g - 6 potions of curing
 j - 2 potions of heal wounds
 l - 4 potions of flight
 p - a potion of brilliance
 K - 3 potions of lignification
Books
 E - a book of Clouds

   Spells                             Type                      Level
   a - Poisonous Vapours              Poison/Air                   2
   b - Mephitic Cloud                 Conjuration/Poison/Air       3
   c - Conjure Flame                  Conjuration/Fire             3
   d - Freezing Cloud                 Conjuration/Ice/Air          6
   e - Ring of Flames                 Charms/Fire                  7
 N - a book of Minor Magic

   Spells                             Type                      Level
   a - Magic Dart                     Conjuration                  1
   b - Blink                          Translocation                2
   c - Call Imp                       Summoning                    2
   d - Slow                           Hexes                        2
   e - Conjure Flame                  Conjuration/Fire             3
   f - Mephitic Cloud                 Conjuration/Poison/Air       3
Miscellaneous
 n - a lamp of fire (inert)
 I - a phantom mirror
 L - a box of beasts
 M - a phial of floods
Comestibles
 f - 12 rations


   Skills:
 - Level 8.1 Fighting
 * Level 14.8 Polearms
 - Level 6.9(7.1) Slings
 - Level 2.0(4.8) Throwing
 - Level 3.2 Dodging
 * Level 10.3 Invocations


You had 11 spell levels left.
You didn't know any spells.

Dungeon Overview and Level Annotations

Branches:
Dungeon (9/15)             Temple (0/1) D:7            Lair (4/6) D:9
  Swamp (0/4) Lair:4        Snake (0/4) Lair:2
    Orc: D:9-12

Altars:
Ashenzari
Cheibriados
Fedhas
Gozag
Hepliaklqana
Makhleb
Qazlal
Sif Muna
Trog
Uskayaw
Vehumet
Wu Jian
Xom
The Shining One

Shops:
D:5 ?(?   D:6 %   D:9 (


Innate Abilities, Weirdness & Mutations

Shadows flee at your approach. (+LOS)
You can swim through water.
You cover ground slowly.
You can hop short distances.
Your flesh is cold resistant. (rC+)
You are covered in fur. (AC +1)
You are weak. (Str -2)


Message History

The six-headed hydra bites you!
The six-headed hydra bites you but does no damage.
The six-headed hydra closely misses you.
The six-headed hydra misses you.
The six-headed hydra closely misses you.
The six-headed hydra completely misses you.
You puncture the six-headed hydra!
The six-headed hydra is moderately wounded.
You hit the six-headed hydra.
The six-headed hydra is heavily wounded.
The six-headed hydra bites you but does no damage.
The six-headed hydra bites you!
* * * LOW HITPOINT WARNING * * *
The six-headed hydra bites you!
* * * LOW HITPOINT WARNING * * *
The six-headed hydra closely misses you.
The six-headed hydra bites you!
* * * LOW HITPOINT WARNING * * *
The six-headed hydra bites you.
You die...

**,,**,,,,......***,77≈§§7*,,*
*,,*,,,,,,.....***,.77§7*,,,*
*,,*,*,***##...,*,*..!.*,*.**
**,,**,.####P...##**..#*##..,*
,,,,,,,..........###.##...#.**
,,,,,,,.....................**
,,,,,,,............†........,*
,,,,,,,,....................,*
,,,,,,,,........@.†.........,*
,,,,,,,,.....$..†D..........,*
,,,,,,**.#.#.#...########...**
,,,,,***+.+#...<......#*,,..*
,,,,,**.....#.....#....#,,,,**
*,,,,**....,#...........#,,,,*
,,,,,*,,..,,##...#.....##,,,**
,,,,,,*,#,,*,.....#....#*,,,*
,,,,,,,***,,.P...P#......,,,*


You could see a six-headed hydra.

Vanquished Creatures
  A minotaur (Lab)
  A fire dragon (Lair:2)
  Fannar (Lair:1)
  3 hydras (Lair:3)
  Erica (Lair:1)
  The ghost of splatterpode the Martial Artist, a novice OpFi (D:8)
  3 black mambas
  Maurice (D:8)
  6 gargoyles (Lab)
  A rime drake (Lair:3)
  2 spiny frogs
  3 komodo dragons
  A polar bear (Lair:3)
  A tyrant leech (Lair:4)
  4 dream sheep (Lair:4)
  4 hippogriffs
  2 wyverns
  3 basilisks
  13 yaks
  2 hungry ghosts (D:9)
  3 swamp worms (Lair:1)
  8 water moccasins
  A naga (Lair:2)
  5 porcupines
  3 orc warriors
  An ice beast (D:8)
  2 necrophages (D:8)
  3 black bears
  3 sky beasts
  3 ogres
  8 crocodiles
  2 big kobolds
  13 bullfrogs
  3 scorpions
  7 killer bees (D:8)
  9 wights
  A howler monkey (D:8)
  2 crimson imps
  A quasit (D:5)
  2 centaur skeletons
  A hound (D:9)
  A jelly (D:7)
  An orc priest (D:9)
  7 orc wizards
  5 worker ants
  A killer bee zombie (D:5)
  A hound zombie (D:7)
  A worker ant zombie (D:9)
  10 adders
  4 gnolls
  4 river rats
  3 shadow imps
  3 oozes
  2 adder zombies
  4 adder skeletons
  21 worms
  3 leopard geckos
  35 orcs
  3 ball pythons
  7 bats
  3 giant cockroaches
  8 goblins
  3 hobgoblins
  8 jackals
  A quokka (D:8)
  6 frilled lizards
  A jackal skeleton (D:5)
  A jackal zombie (D:9)
  19 kobolds
  A leopard gecko zombie (D:6)
  A quokka skeleton (D:4)
  24 rats
  A plant (Lair:1)
328 creatures vanquished.

Vanquished Creatures (others)
  A bullfrog (D:7)
  A worker ant (D:7)
  3 plants (Lair:1)
5 creatures vanquished.

Grand Total: 333 creatures vanquished

Notes
Turn   | Place    | Note
-------+----------+-------------------------------------------
     0 | D:1      | MrRokkomies the Barachi Gladiator began the quest for the Orb.
     0 | D:1      | Reached XP level 1. HP: 17/17 MP: 1/1
   171 | D:1      | Reached XP level 2. HP: 21/24 MP: 2/2
   531 | D:1      | Reached XP level 3. HP: 26/29 MP: 3/3
   911 | D:2      | Reached skill level 4 in Polearms
   911 | D:2      | Reached XP level 4. HP: 20/37 MP: 4/4
  1407 | D:2      | Found an opulent altar of Gozag.
  1763 | D:2      | Found a hide-covered altar of Uskayaw.
  1803 | D:3      | Reached XP level 5. HP: 40/43 MP: 5/5
  1954 | D:3      | Reached skill level 5 in Fighting
  2044 | D:3      | Reached skill level 5 in Polearms
  2044 | D:3      | Reached XP level 6. HP: 44/51 MP: 6/6
  2576 | D:3      | Found a bloodstained altar of Trog.
  2751 | D:4      | Found a blossoming altar of Fedhas.
  2751 | D:4      | Found a deep blue altar of Sif Muna.
  2753 | D:4      | Found a burning altar of Makhleb.
  3082 | D:4      | Reached XP level 7. HP: 44/59 MP: 7/7
  3137 | D:4      | Reached skill level 6 in Polearms
  3608 | D:5      | Entered Level 5 of the Dungeon
  3640 | D:5      | Found a glowing golden altar of the Shining One.
  3924 | D:5      | Found a snail-covered altar of Cheibriados.
  3930 | D:5      | Got a shimmering hand axe
  3931 | D:5      | Identified the cursed +0 hand axe of Equivalence {speed, rElec rPois Int-3 SInv} (You found it on level 5 of the Dungeon)
  3937 | D:5      | Became a worshipper of Cheibriados the Contemplative
  4123 | D:5      | Found Sietteim's Magic Scroll Shoppe.
  4173 | D:5      | Found Vituiz's Antique Weapon Boutique.
  4195 | D:5      | Found Akip's Magic Scroll Shop.
  4578 | D:6      | Found Dyikhoso's Food Emporium.
  4587 | D:6      | Found a glowing drain.
  4607 | Sewer    | Entered a sewer
  4615 | Sewer    | Reached * piety under Cheibriados
  4731 | Sewer    | Found a white marble altar of Elyvilon.
  4776 | D:6      | Reached XP level 8. HP: 68/68 MP: 8/8
  4915 | D:6      | Found a hazy altar of Hepliaklqana.
  4931 | D:6      | Reached skill level 7 in Polearms
  4953 | D:6      | Reached skill level 1 in Invocations
  5215 | D:6      | Found a stormy altar of Qazlal.
  5231 | D:6      | Found a radiant altar of Vehumet.
  5388 | D:7      | Found a shimmering altar of Xom.
  5397 | D:7      | Reached ** piety under Cheibriados
  5430 | D:7      | Reached skill level 8 in Polearms
  5744 | D:7      | Reached XP level 9. HP: 27/74 MP: 11/11
  6067 | D:7      | Found an ornate altar of the Wu Jian Council.
  6339 | D:7      | Found a staircase to the Ecumenical Temple.
  6542 | D:8      | Noticed splatterpode's ghost (novice OpFi)
  6557 | D:8      | Killed splatterpode's ghost
  6557 | D:8      | Reached skill level 9 in Polearms
  6557 | D:8      | Reached skill level 5 in Invocations
  6605 | D:8      | Reached *** piety under Cheibriados
  6789 | D:8      | Reached skill level 1 in Slings
  6790 | D:8      | Reached skill level 10 in Polearms
  6891 | D:8      | Noticed Maurice
  6897 | D:8      | Killed Maurice
  6897 | D:8      | Reached XP level 10. HP: 48/80 MP: 14/14
  7768 | D:9      | Reached **** piety under Cheibriados
  7832 | D:9      | Reached skill level 11 in Polearms
  7847 | D:9      | Found Ogipniga's Antique Weapon Emporium.
  8324 | D:9      | Found a shattered altar of Ashenzari.
  8502 | D:9      | Found a staircase to the Lair.
  8612 | D:9      | Reached skill level 5 in Slings
  8718 | Lair:1   | Entered Level 1 of the Lair of Beasts
  8763 | Lair:1   | Reached ***** piety under Cheibriados
  8791 | Lair:1   | Got a flickering bone ring
  8792 | Lair:1   | Identified the ring of Ofoabrue {*Contam rF+ Int+4 Dex+3} (You found it on level 1 of the Lair of Beasts)
  8888 | Lair:1   | Noticed a spiny frog
  8890 | Lair:1   | Killed a spiny frog
  8992 | Lair:1   | Reached skill level 12 in Polearms
  8997 | Lair:1   | Reached XP level 11. HP: 71/86 MP: 15/15
  9272 | Lair:1   | Noticed Fannar
  9294 | Lair:1   | Killed Fannar
  9390 | Lair:1   | Noticed Erica
  9397 | Lair:1   | Killed Erica
 10237 | Lair:2   | Reached skill level 13 in Polearms
 10421 | Lair:2   | Got a smoking scale mail
 10425 | Lair:2   | Identified the +6 scale mail of Kathoss {Regen+ Dex+6} (You found it on level 2 of the Lair of Beasts)
 10651 | Lair:2   | Noticed a fire dragon
 10661 | Lair:2   | Killed a fire dragon
 10779 | Lair:2   | Reached XP level 12. HP: 83/92 MP: 18/18
 10796 | Lair:2   | Found a staircase to the Snake Pit.
 11043 | Lair:3   | Noticed a seven-headed hydra
 11047 | Lair:3   | Noticed a seven-headed hydra
 11157 | Lair:3   | Found a labyrinth entrance.
 11159 | Lair:3   | Noticed a five-headed hydra
 11172 | Lair:3   | Killed a seven-headed hydra
 11188 | Lair:3   | Killed an eight-headed hydra
 11196 | Lair:3   | Killed a five-headed hydra
 11196 | Lair:3   | Reached skill level 14 in Polearms
 11310 | Lab      | Entered a labyrinth
 11540 | Lab      | Noticed a minotaur
 11545 | Lab      | Killed a minotaur
 11615 | Lair:3   | Got a sparkling bone ring
 11617 | Lair:3   | Identified the ring "Woleafeq" {MR+ Str+4 Stlth-} (You found it on level 3 of the Lair of Beasts)
 11742 | Lair:3   | Reached skill level 10 in Invocations
 12078 | Lair:3   | Gained mutation: You are covered in fur. (AC +1) [potion of mutation]
 12078 | Lair:3   | Gained mutation: You are weak. (Str -2) [potion of mutation]
 12078 | Lair:3   | Gained mutation: Your flesh is cold resistant. (rC+) [potion of mutation]
 12295 | Lair:4   | Noticed a five-headed hydra
 12302 | Lair:4   | Reached ****** piety under Cheibriados
 12306 | Lair:4   | HP: 4/92 [six-headed hydra (11)]
 12306 | Lair:4   | Slain by a six-headed hydra

Vault maps used:
D:1:      minmay_arrival_three_doors
D:2:      lemuel_coloured_pillars_altar,
          nicolae_gozag_cash_rules_everything_around_me, guppyfry_early_orc_mine
D:3:      lightli_temple_of_fire
D:4:      nicolae_overflow_hidden_temple, first_ration
D:5:      cheibrodos_quashed, kennysheep_little_box, serial_shops, shop,
          shop_scrolls, nicolae_shop_behind_doors, corexii_checkpoint_a,
          palyth_stone_intersect, cheibriados_altar_1
D:6:      lemuel_round_altar, vehumet_crystals, kennysheep_mini_moat,
          serial_shops, nicolae_shop_behind_doors, portal_sewer_entry_a
D:7:      nicolae_overflow_crystal_walls, xom_confusion_cloud,
          minmay_temple_entry_trees
D:8:      uniq_maurice
D:9:      evilmike_ruin_ashenzari, grunt_lair_entry_orc_guard_hut, serial_shops,
          shop
Lair:1:   serial_bayou_pond_a, worms_lemuel, serial_bayou_shore_b, uniq_erica,
          uniq_fannar
Lair:2:   dragon1_lemuel, guppyfry_snake_entry_island,
          eino_small_chamber_without_monster, lemuel_old_faithful,
          grunt_megastairs_2
Lair:3:   lab_entry_generic, grunt_megastairs_3
Lair:4:   minmay_swamp_entry_worms, nicolae_volcano_entry_vermiform
Lab:      lab_hedge, nicolae_lab_dead_end, nicolae_lab_stuck,
          nicolae_lab_garden, labyrinth_glass_1, nicolae_lab_hexagon,
          nicolae_lab_quarters, nicolae_lab_diamond, nicolae_lab_big_swirl,
          nicolae_lab_starburst, labyrinth_lava_lair, nicolae_lab_plus,
          nicolae_lab_grate_2, labyrinth_skeletal_remains, nicolae_lab_x
Sewer:    sewer_kobolds

Skill      XL: |  1  2  3  4  5  6  7  8  9 10 11 12 |
---------------+-------------------------------------+-----
Fighting       | 3 4 5 6 7 8 |  8.1
Polearms       | 4 5 6 8 10 12 13 14 | 14.8
Invocations    | 3 6 8 10 | 10.3
Slings         | 2 6 |  6.9
Throwing       | |  2.0
Dodging        | |  3.2

Action                   |  1- 3 |  4- 6 |  7- 9 | 10-12 || total
-------------------------+-------+-------+-------+-------++-------
Melee: Trident           |    91 |   234 |   193 |       ||   518
       Glaive            |       |       |   151 |   406 ||   557
       Spear             |       |       |       |     3 ||     3
 Fire: Fustibalus        |       |       |       |    56 ||    56
Throw: Throwing net      |       |     2 |     1 |       ||     3
       Javelin           |       |       |     8 |     3 ||    11
Invok: Slouch            |       |       |       |     1 ||     1
 Abil: Hop               |       |       |       |     1 ||     1
Evoke: Wand              |       |       |       |     5 ||     5
       Lamp of fire      |       |       |       |     1 ||     1
  Use: Scroll            |     3 |     4 |    14 |    20 ||    41
       Potion            |       |       |     5 |     3 ||     8
 Stab: Sleeping          |     1 |       |       |       ||     1
       Distracted        |       |     1 |       |     1 ||     2
       Held in net/web   |       |     2 |     1 |       ||     3
  Eat: Chunk             |       |     8 |     3 |    27 ||    38
       Ration            |       |       |     2 |       ||     2
Armor: Leather armour    |    30 |    33 |       |       ||    63
       Scale mail        |       |    34 |    89 |    93 ||   216
       Plate armour      |       |       |    37 |       ||    37
       Chain mail        |       |       |    61 |   106 ||   167
Dodge: Dodged            |    66 |   129 |   201 |   254 ||   650

Table legend:
 A = Spawn XP
 B = Non-spawn XP
 C = Spawn XP percentage of total XP
 D = Spawn monster count
 E = Non-spawn monster count
 F = Spawn count percentage of total count
 G = Total turns spent on level
                    A         B        C        D         E        F      G
               +---------+---------+-------+---------+---------+-------+---------
         Total |       0 |   30393 |   0.0 |       0 |     327 |   0.0 | 12306
               +---------+---------+-------+---------+---------+-------+---------
           D:1 |       0 |      42 |   0.0 |       0 |      17 |   0.0 |   802
           D:2 |       0 |     112 |   0.0 |       0 |      38 |   0.0 |   975
           D:3 |       0 |     222 |   0.0 |       0 |      25 |   0.0 |   847
           D:4 |       0 |     360 |   0.0 |       0 |      21 |   0.0 |   984
           D:5 |       0 |     221 |   0.0 |       0 |       9 |   0.0 |   914
           D:6 |       0 |     477 |   0.0 |       0 |      20 |   0.0 |   634
           D:7 |       0 |    1182 |   0.0 |       0 |      26 |   0.0 |  1217
           D:8 |       0 |    2768 |   0.0 |       0 |      33 |   0.0 |  1218
           D:9 |       0 |    2265 |   0.0 |       0 |      34 |   0.0 |   966
        Lair:1 |       0 |    6799 |   0.0 |       0 |      43 |   0.0 |  1514
        Lair:2 |       0 |    4927 |   0.0 |       0 |      20 |   0.0 |   898
        Lair:3 |       0 |    5400 |   0.0 |       0 |      16 |   0.0 |   860
        Lair:4 |       0 |    1723 |   0.0 |       0 |       6 |   0.0 |    33
           Lab |       0 |    3751 |   0.0 |       0 |       7 |   0.0 |   283
         Sewer |       0 |     144 |   0.0 |       0 |      12 |   0.0 |   161
               +---------+---------+-------+---------+---------+-------+---------
